[Event "*** SCC Grand Prix: Titled Tuesday Blitz"]
[Site "Chess.com"]
[Date "2020.09.08"]
[Round "5"]
[White "plumalka"]
[Black "Elegance_Riks"]
[Result "0-1"]
[WhiteElo "2416"]
[BlackElo "2611"]
[TimeControl "180+1"]
[EndTime "10:57:17 PDT"]
[Termination "Elegance_Riks won by resignation"]

1. e4 c6 2. d4 d5 3. e5 Bf5 4. c4 e6 5. Nc3 Bb4 6. Qb3 Qb6 7. c5 Bxc3+ 8. Qxc3 Qc7 9. b4 Ne7 10. Ne2 O-O 11. Ng3 Bg6 12. h4 h6 13. h5 Bh7 14.
Bd3 Bxd3 15. Qxd3 a5 16. Bd2 axb4 17. Bxb4 Na6 18. Ba3 Qa5+ 19. Ke2 Nc7 20. Bb2 Qb5 21. Rhb1 Ra4 22. Bc1 Qxd3+ 23. Kxd3 Nb5 24. Ne2 Rfa8 25. a3 Nf5 26. Nc3 Nxc3 27. Kxc3 Rc4+ 28. Kd3 Rxd4+ 29.
Ke2 Ra7 30. f3 Rc4 31. Kd3 Nd4 32. Be3 Nc2 33. Ra2 Nxe3 34. Kxe3 Rxc5 35. a4 Rca5 36. Rb6 c5 37. Rab2 Rxa4 38. Rxb7 Ra3+ 39. Kf4 R3a4+ 40. Ke3 Kh7 41. Rb8 g6 42. g4 gxh5 43. gxh5 Rh4 44. Rg2 Ra3+ 45. Kf2 Ra2+ 46. Kg3 Rxg2+ 47. Kxh4 c4 48.
Rb7 Kg7 49. Rc7 Rg1 50. Kh3 Rg5 51. f4 Rxh5+ 52. Kg4 Rh1 53. f5 Rg1+ 54. Kh5 Rg5+ 55. Kh4 Rxf5 56. Rc8 Rxe5 57. Rb8 c3 58. Rb3 Re4+ 59.
Kh5 c2 60. Rg3+ Kf8 61. Rg7 Rh4+ 62. Kxh4 Kxg7 0-1

[Event "*** SCC Grand Prix: Titled Tuesday Blitz"]
[Site "Chess.com"]
[Date "2020.09.08"]
[Round "5"]
[White "Zhani-Z"]
[Black "ferdipy"]
[Result "1-0"]
[WhiteElo "2504"]
[BlackElo "2337"]
[TimeControl "180+1"]
[EndTime "10:57:17 PDT"]
[Termination "Zhani-Z won on time"]

1. e4 e6 2. d4 d5 3. Nd2 Nf6 4. e5 Nfd7 5. Bd3 c5 6. c3 Nc6 7. Ne2 cxd4 8. cxd4 f6 9. exf6 Nxf6 10. Nf3 Bd6 11. O-O Qc7 12. h3 O-O 13. Nc3 a6 14. Be3 e5 15. dxe5 Nxe5 16. Nxe5 Bxe5 17. Rc1 Qf7 18. f4 Bd6 19. Bd4 Bd7 20. Qf3 Bc6 21. Rce1 Rae8 22. Be5 Bc5+ 23. Kh1 Nd7 24. Qg3 Nxe5 25.
fxe5 Bf2 26. Qg4 Bxe1 27. Rxf7 Rxf7 28. e6 Rf6 29. Ne2 Rfxe6 30. Nd4 Rf6 31. Qg5 Bf2 32. Nf3 Bb6 33. Qh5 g6 34. Qg5 Ref8 35. h4 Bd8 36.
Qe5 Kg7 37. h5 d4 38. Qxd4 Bxf3 39. gxf3 Kh6 40. Qe3+ g5 41. Qe5 Kxh5 42. Qd4 Rf4 43. Qe5 1-0

[Event "*** SCC Grand Prix: Titled Tuesday Blitz"]
[Site "Chess.com"]
[Date "2020.09.08"]
[Round "5"]
[White "juli2512"]
[Black "MarkoPe"]
[Result "1-0"]
[WhiteElo "2045"]
[BlackElo "2151"]
[TimeControl "180+1"]
[EndTime "10:57:17 PDT"]
[Termination "juli2512 won by checkmate"]

1. e4 c5 2. Nf3 d6 3. d3 Nf6 4. g3 Nc6 5. Bg2 g6 6. O-O Bh6 7.
Bxh6 Be6 8. Bg7 Rg8 9. Bxf6 exf6 10. Nc3 Qd7 11. Re1 O-O-O 12. d4 cxd4 13. Nxd4 Bh3 14. Nd5 Bxg2 15. Kxg2 Rh8 16. Nxc6 bxc6 17. Nxf6 Qe7 18. Qd4 h5 19. h4 Kb8 20. Re3 Ka8 21. Rae1 Rb8 22. b3 Rb5 23. e5 d5 24. c3 Qe6 25.
Qf4 Rc5 26. a4 Ra5 27. Rf3 Ra6 28. Ree3 Rb6 29. b4 Rd8 30. a5 Rb7 31. Rd3 Re7 32. Rfe3 Qc8 33. Qg5 Qc7 34. f4 Qb7 35. Rd4 Rc7 36.
f5 gxf5 37. Qxf5 Qb5 38. Qf3 Qa4 39. Qf2 Rb7 40. Nxh5 Rdb8 41. Nf4 Rg8 42. Nd3 Qb3 43. Nc5 Qa3 44. Nxb7 Kxb7 45. Qxf7+ Ka6 46. Qxg8 Qb2+ 47.
Kh3 Qc1 48. Rf3 Qe1 49. Kg4 Qg1 50. Qe6 Qc1 51. Qxc6# 1-0

[Event "*** SCC Grand Prix: Titled Tuesday Blitz"]
[Site "Chess.com"]
[Date "2020.09.08"]
[Round "5"]
[White "m_ezat"]
[Black "Harsha_Bharathakoti"]
[Result "0-1"]
[WhiteElo "2582"]
[BlackElo "2811"]
[TimeControl "180+1"]
[EndTime "10:57:18 PDT"]
[Termination "Harsha_Bharathakoti won by checkmate"]

1. d4 d5 2. c4 e6 3. Nc3 c6 4.
e4 dxe4 5. Nxe4 Bb4+ 6. Bd2 Qxd4 7.
Bxb4 Qxe4+ 8. Be2 Na6 9. Bf8 Ne7 10. Bxg7 Rg8 11. Bf6 Rg6 12. Bc3 e5 13. Qd2 Nf5 14. Nf3 Nc5 15. O-O-O Nd6 16. Nxe5 Bf5 17. Bd3 Nxd3+ 18.
Nxd3 Nxc4 19. Qf4 O-O-O 20. Qxe4 Bxe4 21. Nc5 Rxd1+ 22. Rxd1 Bd5 23. b3 Nd6 24. g3 b6 25.
Nd3 Ne4 26. Bb2 Rh6 27. h4 Rd6 28. Nf4 Nxf2 29. Rf1 Ne4 30. Nxd5 Rxd5 31. Rxf7 Rd7 32. Rf8+ Kb7 33. Be5 c5 34. Bf4 Kc6 35. h5 Kb5 36. h6 Kc6 37. Kc2 b5 38. Rg8 c4 39. bxc4 bxc4 40.
Rg7 a6 41. a4 Nc5 42. a5 Ne6 43. Rg8 Nxf4 44. gxf4 Rf7 45. Rg4 Rxf4 46. Rh4 Rxh4 47. Kc3 Kc5 48. Kb2 Rh3 49. Ka2 Kb4 50. Kb2 Rh2+ 51.
Ka1 Kb3 52. Kb1 Rh1# 0-1

[Event "*** SCC Grand Prix: Titled Tuesday Blitz"]
[Site "Chess.com"]
[Date "2020.09.08"]
[Round "5"]
[White "ChessLover0108"]
[Black "SergeyKarjakin"]
[Result "0-1"]
[WhiteElo "2657"]
[BlackElo "2964"]
[TimeControl "180+1"]
[EndTime "10:57:19 PDT"]
[Termination "SergeyKarjakin won on time"]

1. d4 Nf6 2. c4 e6 3. Nf3 Bb4+ 4. Bd2 c5 5. Bxb4 cxb4 6. g3 b6 7. Qd3 Bb7 8. Nbd2 O-O 9. Bg2 d6 10.
O-O a5 11. e4 Nbd7 12. Rfe1 e5 13. Rad1 Re8 14. Nh4 g6 15. Nhf3 Qc7 16. b3 Rad8 17. Qb1 exd4 18. Nxd4 Nc5 19. f3 Nfd7 20. Nf1 Ne5 21.
Ne3 Qe7 22. f4 Ned7 23. Nd5 Qf8 24. Nc7 Re7 25. Nd5 Bxd5 26. cxd5 Ree8 27. Nc6 Rc8 28. e5 dxe5 29. fxe5 Qg7 30. d6 Kh8 31. Ne7 Rcd8 32. Qb2 h5 33. Bd5 f6 34. e6 Ne5 35.
Bc6 Rxe7 36. dxe7 Qxe7 37. Rxd8+ Qxd8 38. Qg2 Qd4+ 39. Kh1 Nxe6 40. Bd5 Nc5 41. Bf3 Ncd3 42. Rf1 Kg7 43. h3 Nc5 44. Be2 h4 45. gxh4 Qxh4 46.
Bf3 Ne6 47. Be4 Nf4 0-1

[Event "*** SCC Grand Prix: Titled Tuesday Blitz"]
[Site "Chess.com"]
[Date "2020.09.08"]
[Round "5"]
[White "dosto07"]
[Black "midedu"]
[Result "0-1"]
[WhiteElo "2308"]
[BlackElo "2108"]
[TimeControl "180+1"]
[EndTime "10:57:21 PDT"]
[Termination "midedu won by checkmate"]

1. e4 c5 2. Nf3 Nc6 3. Bb5 g6 4.
O-O Bg7 5. c3 e6 6. d4 cxd4 7.
cxd4 a6 8. Ba4 Nge7 9. d5 b5 10. Bb3 Na5 11. Nc3 Nxb3 12. axb3 Bb7 13. Bg5 h6 14.
Bf4 g5 15. Be5 f6 16. Bd6 O-O 17. b4 Re8 18. Qb3 exd5 19. Nxd5 Nxd5 20. exd5 Re4 21. Rfe1 Qe8 22. Qd3 Rxe1+ 23. Rxe1 Qh5 24. Nd4 Re8 25. Rxe8+ Qxe8 26. Qd2 Bxd5 27. Nf5 Be6 28. Nxg7 Kxg7 29. h3 Kg6 30. Qd4 Kg7 31. Bc5 Bc4 32. Kh2 Qe5+ 33. Qxe5 fxe5 34. Kg3 Kf6 35. Kf3 Ke6 36. Ke3 d6 37.
Bb6 d5 38. g3 h5 39. Kd2 g4 40.
hxg4 hxg4 41. Be3 d4 42. Bh6 Kf5 43. Bf8 Ke4 44. Bd6 Bf1 45. Bc7 Kd5 46. Bb8 e4 47. Ba7 Kc4 48. Bc5 Bg2 49. Kc1 Kd3 50.
Ba7 e3 51. Bb6 exf2 52. Bxd4 f1=Q# 0-1

[Event "*** SCC Grand Prix: Titled Tuesday Blitz"]
[Site "Chess.com"]
[Date "2020.09.08"]
[Round "5"]
[White "tigra"]
[Black "Sibelephant"]
[Result "0-1"]
[WhiteElo "2855"]
[BlackElo "3119"]
[TimeControl "180+1"]
[EndTime "10:57:23 PDT"]
[Termination "Sibelephant won by resignation"]

1. e4 c5 2. Nf3 e6 3. d4 cxd4 4.
Nxd4 Nc6 5. Nc3 a6 6. Be2 Nxd4 7. Qxd4 Ne7 8. Be3 b5 9. O-O-O Nc6 10. Qb6 Qxb6 11. Bxb6 Bb7 12. f3 Be7 13. Kb1 Bd8 14. Bc5 Rc8 15. a3 Na5 16. Bd4 Bf6 17. Bxf6 gxf6 18. Rd6 Ke7 19. Rhd1 Rhd8 20. f4 Nc4 21. R6d3 Rc5 22. Rh3 f5 23. exf5 Bxg2 24. Rg3 Bc6 25. fxe6 dxe6 26. Rxd8 Kxd8 27. Rh3 Rf5 28. Rh4 h6 29. Bd3 Rf6 30. Kc1 Ne3 31. Ne4 Ng2 32. Nxf6 Nxh4 33. c4 Ke7 34. Ng8+ Kf8 35. Nxh6 f5 36.
cxb5 axb5 37. Kd2 Kg7 38. Ke3 Kxh6 39. Kd4 Ng6 40. Kc5 Bg2 41. Bxb5 Nxf4 42. b4 e5 43. a4 e4 44. Kd4 Kg5 45. a5 Ne6+ 46. Ke5 Nc7 47. Bc4 e3 48. b5 f4 49. b6 Na8 50.
h4+ Kg4 51. Be2+ f3 52. b7 fxe2 53. b8=Q e1=Q 54. Qg8+ Kh3 55. Qc8+ Kh2 0-1

[Event "*** SCC Grand Prix: Titled Tuesday Blitz"]
[Site "Chess.com"]
[Date "2020.09.08"]
[Round "5"]
[White "Sashadav97"]
[Black "Iball95"]
[Result "0-1"]
[WhiteElo "2532"]
[BlackElo "2719"]
[TimeControl "180+1"]
[EndTime "10:57:23 PDT"]
[Termination "Iball95 won on time"]

1. d4 Nf6 2. c4 e6 3. Nc3 Bb4 4.
e3 O-O 5. Bd3 d5 6. a3 Bxc3+ 7.
bxc3 c5 8. cxd5 exd5 9. Ne2 b6 10.
O-O Ba6 11. f3 Re8 12. Ng3 Bxd3 13. Qxd3 Nc6 14. Bb2 Na5 15. Rae1 Nc4 16. Bc1 Qc7 17. e4 cxd4 18. cxd4 dxe4 19. fxe4 Rad8 20. Rxf6 gxf6 21. Nh5 Re6 22. Bf4 Qc6 23. d5 Qc5+ 24. Kh1 Rxd5 25. Qg3+ Rg5 26. Bxg5 fxg5 27. Rd1 h6 28. Qc3 Ne5 29.
Qg3 Qe7 30. h3 Kh7 31. Rf1 Ng6 32. Qc3 Ne5 33. Rf5 Kg6 34. Ng3 Qd6 35. Kh2 f6 36. Rf2 Qd3 37. Qe1 Rd6 38. Re2 h5 39. Qf2 h4 40. Nf5 Rd7 41. Re3 Qc4 42. Nxh4+ gxh4 43. Qf5+ Kg7 44. Qf4 Ng6 45. Qg4 Re7 46. Qf5 Qe6 47. Qf2 Qe5+ 48. Kh1 Rd7 49. Re1 Rd4 50. Rf1 Rxe4 0-1

[Event "*** SCC Grand Prix: Titled Tuesday Blitz"]
[Site "Chess.com"]
[Date "2020.09.08"]
[Round "5"]
[White "mbojan"]
[Black "chessdjw"]
[Result "1-0"]
[WhiteElo "2803"]
[BlackElo "2577"]
[TimeControl "180+1"]
[EndTime "10:57:24 PDT"]
[Termination "mbojan won by checkmate"]

1. e4 c5 2. Nf3 d6 3. d4 cxd4 4.
Nxd4 Nf6 5. Nc3 a6 6. Bg5 Nbd7 7. Qe2 Qc7 8. O-O-O h6 9. Bh4 g6 10. e5 dxe5 11. Bxf6 Nxf6 12. Ndb5 axb5 13. Nxb5 Qc5 14.
Qc4 Qxc4 15. Bxc4 e6 16. Nc7+ Ke7 17. Nxa8 Bd7 18. Nb6 Bc6 19. Rhe1 h5 20. f3 Bh6+ 21. Kb1 e4 22. fxe4 Nxe4 23. Bf1 h4 24. Nc4 Bf4 25. h3 Bd5 26. Ne3 Bc6 27. Nc4 Bd5 28. Ne3 Bc6 29.
Bd3 Nf2 30. Re2 Nxd3 31. Rxd3 Rh5 32. b3 Re5 33. Kc1 g5 34. Kd2 f5 35. Rd4 Bxg2 36. Rxf4 gxf4 37. Nxg2 Rd5+ 38. Ke1 f3 39. Nf4 Rd4 40.
Nxe6 Re4 41. Rxe4 fxe4 42. Ng5 Kf6 43. Nxe4+ Ke5 44. Nf2 Kf4 45. c4 Kg3 46. c5 Kg2 47. b4 Kg1 48. b5 Kg2 49. c6 bxc6 50. bxc6 Kg1 51. c7 Kg2 52. c8=Q Kg1 53. a4 Kh2 54. a5 Kg1 55. a6 Kh2 56. a7 Kg1 57. a8=Q Kh2 58. Qab8+ Kg1 59. Qg8# 1-0

[Event "*** SCC Grand Prix: Titled Tuesday Blitz"]
[Site "Chess.com"]
[Date "2020.09.08"]
[Round "5"]
[White "PauloCesarCosta_sad"]
[Black "kayrakamer"]
[Result "0-1"]
[WhiteElo "2280"]
[BlackElo "2603"]
[TimeControl "180+1"]
[EndTime "10:57:26 PDT"]
[Termination "kayrakamer won on time"]

1. Nf3 Nf6 2. c4 g6 3. g3 Bg7 4. Bg2 O-O 5. O-O c6 6. d4 d6 7. Nc3 Qa5 8. e4 Qh5 9. e5 dxe5 10.
Nxe5 Qxd1 11. Rxd1 Nbd7 12. Bg5 h6 13. Nxd7 Bxd7 14.
Be3 Bf5 15. h3 g5 16. Rac1 Rfd8 17. d5 cxd5 18. Nxd5 Nxd5 19. cxd5 Rac8 20. b3 b6 21. Rxc8 Rxc8 22. d6 Rd8 23. Rd5 e6 24. Rd1 e5 25.
g4 Be6 26. Bc6 Bf8 27. d7 Ba3 28. f3 Kf8 29. Kf2 Ke7 30. h4 f6 31. hxg5 hxg5 32.
Ke2 Bd6 33. Kf2 Bxd7 34. Bd5 Rh8 35. Kg2 Be6 36. Be4 Bc5 37. Rc1 Bxe3 38. Rc7+ Kd6 39.
Rh7 Rxh7 40. Bxh7 Kc5 41. Kf1 Kb4 42. Ke2 Bf4 43. Bb1 Ka3 44. Kd3 Kb2 45. Bc2 e4+ 46. fxe4 Bxg4 47. Bd1 Bxd1 48. Kd4 Be5+ 49. Kc4 g4 50.
Kb5 g3 51. Ka6 g2 52. a4 g1=Q 53. b4 Bxa4 54. b5 Qc5 55. Kb7 f5 56. exf5 Qc7+ 57. Ka6 Kb3 0-1

[Event "*** SCC Grand Prix: Titled Tuesday Blitz"]
[Site "Chess.com"]
[Date "2020.09.08"]
[Round "5"]
[White "champ1000"]
[Black "Thjop"]
[Result "0-1"]
[WhiteElo "2288"]
[BlackElo "2620"]
[TimeControl "180+1"]
[EndTime "10:57:27 PDT"]
[Termination "Thjop won on time"]

1. e4 e6 2. d4 d5 3. Nc3 Nf6 4. Bg5 Bb4 5. e5 h6 6. Bc1 Ne4 7. Qg4 g6 8. Ne2 c5 9. a3 Nxc3 10. bxc3 Ba5 11. h4 Nc6 12. Bd2 cxd4 13. cxd4 Bxd2+ 14. Kxd2 Qa5+ 15. Nc3 Bd7 16. Rb1 Rc8 17. Rh3 b6 18. h5 g5 19. Rb5 Qxa3 20. Nxd5 Qa1 21. Nf6+ Ke7 22. Nxd7 Rhd8 23. Bd3 Rxd7 24. c3 Nxe5 25. dxe5 Qxc3+ 26. Ke2 a6 27. Qb4+ Qxb4 28. Rxb4 b5 29. Rb3 Rd5 30. Ra3 Rxe5+ 31. Re3 Rxe3+ 32. Kxe3 Rc6 33. Be4 Rb6 34. Rc3 f5 35. Bf3 b4 36.
Rc6 Rxc6 37. Bxc6 Kd6 38. Be8 e5 39. Kd3 e4+ 40. Kd4 a5 41. Ba4 Ke6 42. Bb3+ Kf6 43. Kd5 g4 44. Kd4 Kg5 45. Bf7 a4 46. Kc4 b3 47. Kc3 Kf6 48. Be8 f4 49. Bxa4 b2 50. Kxb2 e3 51. fxe3 fxe3 52. Bd1 Kg5 53. Kc3 Kxh5 54.
Kd3 Kh4 55. Be2 Kg3 0-1

[Event "*** SCC Grand Prix: Titled Tuesday Blitz"]
[Site "Chess.com"]
[Date "2020.09.08"]
[Round "5"]
[White "Carnivoras"]
[Black "KyrgyzFighter"]
[Result "1/2-1/2"]
[WhiteElo "2632"]
[BlackElo "2352"]
[TimeControl "180+1"]
[EndTime "10:57:28 PDT"]
[Termination "Game drawn by agreement"]

1. d4 d5 2. c4 c6 3. Nf3 Nf6 4. Nc3 a6 5. c5 Nbd7 6. Bf4 Nh5 7. Bc1 g6 8. e4 dxe4 9. Nxe4 Bg7 10. Bc4 O-O 11. O-O b6 12. Bg5 h6 13. Bh4 bxc5 14. Nxc5 Nxc5 15. dxc5 Qxd1 16. Raxd1 g5 17. Bg3 Nxg3 18.
hxg3 Bxb2 19. Rfe1 Ra7 20. Rb1 Ba3 21. Re5 Kg7 22.
Nd4 Rc7 23. Rb6 f6 24. Ne6+ Bxe6 25. Rxe6 Bxc5 26. Rbxc6 Rxc6 27. Rxc6 Bd4 28. Bxa6 Rb8 29. Rc7 Rb1+ 30. Bf1 Kf8 31. Rc2 Ra1 32. g4 e5 33. g3 Ke7 34. Kg2 Kd6 35. Bd3 Rd1 36. Be4 Bc5 37. a4 Rd4 38. Bf5 Rxa4 39. Rd2+ Bd4 40.
Rc2 Ra5 41. Be4 Rc5 42. Ra2 Rc3 43. Ra6+ Ke7 44. Ra2 Rb3 45. Bd5 Rb2 46. Rxb2 Bxb2 47. Be4 Kd6 48. Bf5 Kc5 49. Kf3 Kd4 50. Be4 Bc1 51.
Bf5 Bd2 52. Bg6 Be1 53. Ke2 Bb4 54. Kf3 Bc5 55. Bh7 Kc3 56. Ke2 Bd4 57. f3 1/2-1/2

[Event "*** SCC Grand Prix: Titled Tuesday Blitz"]
[Site "Chess.com"]
[Date "2020.09.08"]
[Round "5"]
[White "mapleaff"]
[Black "Mr_Sinigami"]
[Result "0-1"]
[WhiteElo "2379"]
[BlackElo "2550"]
[TimeControl "180+1"]
[EndTime "10:57:29 PDT"]
[Termination "Mr_Sinigami won by resignation"]

1. d4 Nf6 2. c4 g6 3. Nc3 Bg7 4. g3 d6 5. Bg2 O-O 6. Nf3 Nbd7 7. d5 e5 8. dxe6 fxe6 9. O-O Nc5 10. Be3 Nce4 11.
Nxe4 Nxe4 12. Qc2 Nf6 13. Rfd1 Qe7 14. Rac1 c5 15. Bf4 e5 16. Bg5 Bf5 17. Qd2 Rad8 18. Qa5 b6 19. Qa3 h6 20. Bxf6 Bxf6 21. Qe3 Kh7 22.
h4 e4 23. Ne1 Bd4 24. Rxd4 cxd4 25. Qxd4 Qf6 26. Qd2 Bh3 27. e3 Bxg2 28. Kxg2 Rf7 29.
Rc2 Re8 30. Qe2 Re5 31. Qg4 Rf5 32. f4 exf3+ 33. Kf2 Re7 34. Nd3 Qe6 35. e4 Qxe4 36. Qxe4 Rxe4 37. Nf4 g5 38. hxg5 hxg5 39. Nd5 g4 40.
Ne3 Rfe5 41. Nf1 Re2+ 42. Rxe2 Rxe2+ 43. Kg1 Rg2+ 44. Kh1 Rxb2 45. Ne3 Rb1+ 46. Kh2 Rb2+ 47. Kh1 Rxa2 48. Nxg4 a5 49. Kg1 a4 50. Ne3 a3 51.
c5 bxc5 52. g4 Rb2 53. g5 a2 0-1

[Event "*** SCC Grand Prix: Titled Tuesday Blitz"]
[Site "Chess.com"]
[Date "2020.09.08"]
[Round "5"]
[White "PIwan"]
[Black "kuban1991"]
[Result "1/2-1/2"]
[WhiteElo "2549"]
[BlackElo "2741"]
[TimeControl "180+1"]
[EndTime "10:57:31 PDT"]
[Termination "Game drawn by repetition"]

1. c4 g6 2. d4 Bg7 3. e4 Nc6 4. Be3 e5 5. d5 Nd4 6. Nc3 c5 7. Bd3 d6 8. Nge2 Nf6 9. h3 O-O 10. Qd2 a6 11. O-O Bd7 12. f4 b5 13. fxe5 dxe5 14. Bg5 Qb6 15. Nxd4 cxd4 16. Qf2 bxc4 17.
Bxc4 Nh5 18. Bb3 a5 19. Be7 Nf4 20. Bxf8 Bxf8 21. d6 a4 22. Nd5 Qxd6 23. Nxf4 exf4 24. Bd5 Ra7 25. Qxf4 Be8 26. Qxd6 Bxd6 27. Rac1 Kg7 28. Rc8 Bb5 29. Rf2 d3 30. Bc4 Bxc4 31. Rxc4 a3 32. bxa3 Rxa3 33. Rd2 Bf4 34. Rd1 Be3+ 35. Kf1 Kf6 36. Rc6+ Ke5 37. Rc7 Kxe4 38. Re7+ Kf4 39. Rxf7+ Kg5 40. Re7 Bf4 41. Rxh7 d2 42. Rd7 Rxa2 43. Ke2 Ra3 44. R7xd2 Bxd2 45. Rxd2 Kf4 46. Kf2 Ra4 47. Re2 g5 48. g3+ Kf5 49. Kf3 Ra3+ 50. Re3 Ra4 51. g4+ Kf6 52. Rc3 Ra6 53. Kg3 Rb6 54.
h4 gxh4+ 55. Kxh4 Kg6 56. Kg3 Ra6 57. Rf3 Rb6 58. Re3 Ra6 59. Rf3 Rb6 60. Re3 Ra6 61. Rf3 1/2-1/2

[Event "*** SCC Grand Prix: Titled Tuesday Blitz"]
[Site "Chess.com"]
[Date "2020.09.08"]
[Round "5"]
[White "MattyDPerrine"]
[Black "Msb2"]
[Result "0-1"]
[WhiteElo "2356"]
[BlackElo "2883"]
[TimeControl "180+1"]
[EndTime "10:57:33 PDT"]
[Termination "Msb2 won by resignation"]

1. e4 e6 2. d4 d5 3. Nc3 Nf6 4. e5 Nfd7 5. f4 c5 6. Nf3 Nc6 7. Be3 a6 8. Ne2 Be7 9. c3 O-O 10. h4 f6 11. g3 cxd4 12. cxd4 fxe5 13. dxe5 Nc5 14. Bh3 Qa5+ 15. Kf2 Bd7 16. a3 h6 17. b4 Ne4+ 18. Kg2 Qd8 19. Ned4 Qc8 20. Rc1 Kh8 21.
Nxc6 bxc6 22. Nd4 c5 23. bxc5 Bxc5 24. Qg4 Qe8 25. Rce1 Rb8 26. Re2 h5 27. Qf3 Qg6 28. Kh2 Rb6 29. Rg1 Nc3 30. Reg2 Rfb8 31. g4 hxg4 32.
Rxg4 Rb2+ 33. Kh1 Qe4 34. Qxe4 Nxe4 35. Rxg7 Bxd4 36. Bxd4 R2b3 37. Bf1 Bb5 38. Bxb5 Rh3+ 39. Kg2 Rxa3 40. Rg6 Rxb5 41. Kh2 Rb7 42. Rg8+ Kh7 43.
Re8 Ra2+ 44. Rg2 Ra4 45. Rxe6 Rxd4 46. f5 Nc5 47. Rd6 Rxh4+ 48. Kg3 Rd4 49. f6 Ne4+ 50. Kf4 Nxd6+ 51. Kg5 Nf7+ 52. Kf5 Nxe5 53. Kxe5 Re4+ 54. Kf5 Re1 55. Rh2+ Kg8 56. Rg2+ Kf8 57. Rh2 Rf1+ 58. Kg6 Rg1+ 59. Kf5 d4 60. Rh8+ Rg8 61. Rh4 d3 62. Rd4 Rg1 63. Rd8+ Kf7 64. Rxd3 Rf1+ 65. Ke5 Rxf6 0-1

[Event "*** SCC Grand Prix: Titled Tuesday Blitz"]
[Site "Chess.com"]
[Date "2020.09.08"]
[Round "5"]
[White "Gvetadze"]
[Black "Margency"]
[Result "1-0"]
[WhiteElo "2450"]
[BlackElo "2649"]
[TimeControl "180+1"]
[EndTime "10:57:33 PDT"]
[Termination "Gvetadze won on time"]

1. e4 c5 2. Nf3 d6 3. d4 cxd4 4.
Nxd4 Nf6 5. f3 e5 6. Nb3 a5 7. c4 a4 8. N3d2 Nc6 9. Nc3 Qa5 10.
a3 Be7 11. Bd3 Bd8 12. Bc2 Bb6 13. Bxa4 O-O 14. b4 Qa7 15. Bb3 Nxb4 16. Nb5 Nd3+ 17.
Kf1 Qb8 18. Qc2 Nxc1 19. Rxc1 Be6 20. Qd3 Bc5 21. a4 Nh5 22. Nb1 f5 23. N1c3 Nf4 24.
Qd2 Qd8 25. g3 Ng6 26. exf5 Bxf5 27. Kg2 h5 28. h4 Qf6 29. Nd5 Qf7 30. Qg5 Be6 31.
Rhf1 Rae8 32. Nbc7 Bxd5 33. Nxd5 Re6 34. Rce1 Rfe8 35.
Re4 Nf8 36. Bc2 Rg6 37. Qd2 Rge6 38. Re2 Nd7 39. Be4 Bd4 40. Ne3 Nf6 41. Bd5 Nxd5 42. Nxd5 Rg6 43. Re4 Bc5 44. Rfe1 Rf8 45. f4 Qf5 46. Qe2 Kh7 47. Qf3 Rf7 48. Rf1 Qg4 49. Qxg4 Rxg4 50. Rf3 exf4 51. Nxf4 b6 52. Re8 Ra7 53.
Ne6 Rxa4 54. Nf8+ Kh6 55. Re6+ g6 56. Rf7 Ra2+ 57. Kh3 Rh2+ 58. Kxh2 1-0

[Event "*** SCC Grand Prix: Titled Tuesday Blitz"]
[Site "Chess.com"]
[Date "2020.09.08"]
[Round "5"]
[White "Machidon"]
[Black "aa175"]
[Result "0-1"]
[WhiteElo "2543"]
[BlackElo "2402"]
[TimeControl "180+1"]
[EndTime "10:57:33 PDT"]
[Termination "aa175 won by resignation"]

1. d4 Nf6 2. Bf4 d5 3. e3 e6 4. Nd2 c5 5. c3 Bd6 6. Bg3 Qc7 7.
Ngf3 Nbd7 8. Bb5 a6 9. Bxd7+ Nxd7 10. e4 cxd4 11. Nxd4 Bxg3 12. hxg3 dxe4 13. Nxe4 b5 14. Qg4 Qe5 15. Nc6 Qd5 16. Rd1 Qxc6 17. Nd6+ Kd8 18.
Nxf7+ Kc7 19. Nxh8 Qxg2 20. Rxh7 Bb7 21. Qxe6 Bc6 22.
Rxg7 Qh1+ 23. Ke2 Bf3+ 24. Ke3 Qxd1 25. Qe5+ Kb6 26. Rg6+ Bc6 27. Qg7 Re8+ 28. Kf4 Qf3+ 29. Kg5 Re5+ 30. Qxe5 Nxe5 31. Rf6 Qg4+ 32. Kh6 Qh3+ 33.
Kg7 Ng4 34. Rg6 Nxf2 35. Nf7 Qxg3 36. Kf6 Ne4+ 37. Kg7 Qf4 38. Nd8 Qc7+ 39. Nf7 Kb7 40. Kf8 Bd5 41. Ng5 Kb8 42. Ke8 Qc8+ 43. Ke7 Qc7+ 44.
Kf8 Nd6 45. Rf6 Qd8+ 46. Kg7 Ne8+ 47. Kg6 Qxf6+ 48. Kh5 Ng7+ 49. Kg4 Qf5+ 50. Kh4 Qf4+ 51. Kh3 Qxg5 52. Kh2 Bxa2 53. c4 Bxc4 54. b3 Bxb3 55. Kh1 Kc8 56. Kh2 Kd8 57. Kh3 Ke8 58. Kh2 Kf8 59.
Kh3 Kg8 60. Kh2 Kh8 61. Kh3 Ne6 62. Kh2 Kh7 63. Kh3 Kg7 64. Kh2 Kf7 65. Kh3 Ke7 66. Kh2 Kd7 67. Kh3 Kc7 68. Kh2 Kb7 69. Kh3 Ka7 70. Kh2 Kb6 71. Kh3 Kc6 72. Kh2 Kd6 73. Kh3 Kd5 74. Kh2 Kd4 0-1

[Event "*** SCC Grand Prix: Titled Tuesday Blitz"]
[Site "Chess.com"]
[Date "2020.09.08"]
[Round "5"]
[White "bascheyaro"]
[Black "GigaQuparadze"]
[Result "0-1"]
[WhiteElo "2742"]
[BlackElo "2915"]
[TimeControl "180+1"]
[EndTime "10:57:35 PDT"]
[Termination "GigaQuparadze won by resignation"]

1. d4 Nf6 2. Bf4 b6 3. e3 Bb7 4. Nf3 g6 5. Be2 Bg7 6. O-O O-O 7. h3 d6 8. c4 Nbd7 9. Nc3 Ne4 10. Nxe4 Bxe4 11. Nd2 Bb7 12. Bf3 Bxf3 13. Nxf3 e5 14.
dxe5 dxe5 15. Bg5 Qe8 16. Qc2 h6 17. Bh4 e4 18. Nd4 Nc5 19. Rad1 Nd3 20. b3 c5 21.
Ne2 g5 22. Bg3 Rd8 23. Nc1 Qd7 24. f3 Nb4 25. Qe2 Qe6 26. f4 f5 27. Kh2 Qg6 28. a3 Nc6 29. Rxd8 Rxd8 30. Rd1 Qe8 31.
Rd5 Ne7 32. Rd2 Bc3 33. Rd1 Kg7 34. Qc2 Bf6 35. Ne2 Rd7 36. Be1 Qd8 37. Rxd7 Qxd7 38. Bc3 Qd3 39. Qb2 Ng8 40. fxg5 hxg5 41. Bxf6+ Nxf6 42. Ng3 Kg6 43. Qe5 Qd7 44. b4 Qc8 45. b5 Qd7 46. a4 Ne8 47. Qb8 Ng7 48. Qf8 Qc7 49.
Qg8 f4 50. exf4 Qxf4 51. Qd5 e3 52. Qc6+ Kh7 53. Qd7 Qe5 54. Qg4 Kg6 55. Kh1 Nf5 56.
Qh5+ Kf6 57. Qh8+ Ng7 58. Nh5+ Kg6 59. Nxg7 e2 60. Qh5+ Kxg7 61. Qxg5+ Qxg5 0-1

[Event "*** SCC Grand Prix: Titled Tuesday Blitz"]
[Site "Chess.com"]
[Date "2020.09.08"]
[Round "5"]
[White "paulrusan"]
[Black "ExtremeLearner"]
[Result "0-1"]
[WhiteElo "2256"]
[BlackElo "2438"]
[TimeControl "180+1"]
[EndTime "10:57:37 PDT"]
[Termination "ExtremeLearner won on time"]

1. e4 c6 2. d4 d5 3. f3 dxe4 4.
fxe4 e5 5. Nf3 Bg4 6. Bc4 Nd7 7.
c3 Bd6 8. O-O Ngf6 9. Bg5 Qc7 10.
Nbd2 b5 11. Be2 Bxf3 12. Nxf3 h6 13. Bxf6 Nxf6 14. Qd3 Rd8 15. a4 b4 16. a5 O-O 17.
Kh1 bxc3 18. bxc3 c5 19. d5 c4 20. Qc2 Ng4 21. Nh4 Ne3 22. Qd2 Nxf1 23. Rxf1 Be7 24. Nf5 Bg5 25. Qe1 g6 26. h4 gxf5 27. hxg5 f4 28.
Qh4 Rd6 29. Bg4 Rg6 30. gxh6 Qd8 31. h7+ Kh8 32. Qxd8 Rxd8 33. Bf5 Rh6+ 34. Kg1 Rb8 35. Rd1 Rd6 36. Ra1 Rb3 37. Ra4 Rxc3 38. Rb4 Rd8 39. Rb7 Rc1+ 40. Kf2 c3 41. Rxa7 Rc2+ 42. Kf3 Rd2 43.
Rc7 c2 44. a6 Rd3+ 45. Ke2 Ra3 46. Rxc2 Rxa6 47. Kf3 Ra3+ 48. Kg4 Rg3+ 49. Kh4 Kg7 50. Rd2 Rd6 51. Be6 fxe6 52. dxe6 Rxd2 53. e7 Rd6 0-1

[Event "*** SCC Grand Prix: Titled Tuesday Blitz"]
[Site "Chess.com"]
[Date "2020.09.08"]
[Round "5"]
[White "dpopadic"]
[Black "Oglob71"]
[Result "0-1"]
[WhiteElo "2358"]
[BlackElo "2531"]
[TimeControl "180+1"]
[EndTime "10:57:38 PDT"]
[Termination "Oglob71 won on time"]

1. e4 c5 2. Nc3 a6 3. g4 b5 4.
Bg2 Bb7 5. d3 e6 6. Nh3 Nc6 7. O-O Nge7 8. f4 d5 9. e5 h5 10. g5 g6 11. Bd2 Nf5 12. Ne2 Qc7 13. c3 d4 14. Nf2 Rd8 15. Ne4 Be7 16. cxd4 Ncxd4 17. Nxd4 Nxd4 18. Rc1 Qb6 19. Be3 Nf5 20.
Bf2 O-O 21. Qe2 Bxe4 22. Bxe4 Nd4 23. Qe3 Rd7 24. Kh1 Rfd8 25. b3 Kg7 26. Rc3 Nf5 27.
Qf3 Qa5 28. Rc2 Nd4 29. Bxd4 Rxd4 30. Rfc1 Qb4 31. Kg2 a5 32. Qe2 a4 33. bxa4 Qxa4 34. Kf3 R8d7 35. Rb1 Rb4 36. Rcb2 Rxb2 37. Rxb2 Rd4 38.
Qc2 Qa5 39. Qb1 b4 40. Qc2 Qa3 41. Qb3 Qa7 42. Rc2 Qd7 43. Rc4 Rxc4 44. Qxc4 Qa4 45. Qb3 Qa7 46. Qc4 Qa3 47. Qc2 Qc3 48. Qxc3 bxc3 49. Ke2 Bd8 50. Kd1 Ba5 51. Kc2 Kf8 52. Bc6 Ke7 53. a3 Kd8 54. h3 h4 55. Bb5 Ke7 56.
Bc6 Kf8 57. Bb5 Ke7 58. Bc6 Bb6 59. Bb5 c4 60. dxc4 Be3 0-1